 Dungeon Crawl Stone Soup version 0.17.0-28-g6e173f8 (webtiles) character file.

49 dohliylev the Sneak (level 3, -4/27 HPs)
             Began as a Vampire Assassin on Nov 23, 2015.
             Killed by divine providence
             ... invoked by an orc priest
              (15 damage)
             ... on level 3 of the Dungeon.
             The game lasted 00:10:06 (1276 turns).

dohliylev the Sneak (Vampire Assassin)              Turns: 1276, Time: 00:10:08

Health: -4/27      AC:  3    Str: 10    XL:     3   Next: 51%
Magic:  3/3        EV: 12    Int: 13    God:
Gold:   107        SH:  0    Dex: 16    Spells: 0 memorised, 2 levels left

rFire  . . .     SeeInvis +     a - +2 dagger
rCold  + . .     Clarity  .     c - +0 robe
rNeg   + + .     SustAt   .     (no shield)
rPois  +         Gourm    .     (no helmet)
rElec  .         Spirit   .     d - +0 cloak
rCorr  .         Warding  .     (no gloves)
rMut   .         Stasis   .     (no boots)
MR     .....                    (no amulet)
Stlth  ++++......               (no ring)
                                (no ring)

@: regenerating slowly, not resistant to hostile enchantments, stealthy
A: fangs 3, see invisible, unbreathing
a: Bat Form


You were on level 3 of the Dungeon.
You were thirsty.

You visited 1 branch of the dungeon, and saw 3 of its levels.

You collected 107 gold pieces.

Inventory:

Hand Weapons
 a - a +2 dagger (weapon)
 b - a +0 blowgun
 e - a +3 short sword
Missiles
 f - 2 curare-tipped needles
 l - 6 poisoned needles
Armour
 c - a +0 robe (worn)
 d - a +0 cloak (worn)
Jewellery
 m - a cursed -2 ring of evasion {unknown}
Scrolls
 h - a scroll of identify {unknown}
 i - a scroll of noise {unknown}
 n - a scroll of fog {unknown}
 p - a scroll of immolation {unknown}
 r - 3 scrolls of random uselessness {unknown}
 t - a scroll of teleportation {unknown}
Potions
 g - 12 potions of blood
 j - a potion of ambrosia {unknown}
 k - 2 potions of flight {unknown}
 o - 3 potions of curing {unknown}
 q - 2 potions of heal wounds {unknown}
 s - a potion of cancellation {unknown}


   Skills:
 + Level 1.7 Fighting
 + Level 2.2 Short Blades
 + Level 1.7 Throwing
 + Level 1.1 Dodging
 * Level 7.8 Stealth


You had 2 spell levels left.
You didn't know any spells.

Dungeon Overview and Level Annotations

Branches:
Dungeon (3/15)

Altars:
Xom


Innate Abilities, Weirdness & Mutations

You heal slowly.
You have razor-sharp teeth.
You have supernaturally acute eyesight.
You can survive without breathing.


Message History

You closely miss the orc priest.
The orc priest is heavily wounded.
The orc priest misses you. The orc hits you but does no damage.
You barely miss the orc priest.
The orc priest is heavily wounded.
The orc priest barely misses you. The orc hits you with a short sword.
You closely miss the orc priest. Your bite misses the orc priest.
The orc priest is heavily wounded.
The orc priest hits you with a dagger.
You hit the orc priest.
The orc priest is severely wounded.
The orc hits you with a short sword.
The orc priest hits you but does no damage.
You closely miss the orc priest.
The orc priest is severely wounded.
The orc misses you. The quokka bites you.
The orc priest invokes the aid of Beogh against you.
Something smites you!
Ouch! That really hurt!
You die...

.# ##.#### #
##.....## ..
##.......##
..#
#.........# ..
#.........#
#.##..)......#
#..<...r.....#
####..@o......
#...o....#.
#........#
#...%..###
#........
#........#
##%...!....
##........


You could see an orc priest, an orc and a quokka.

Vanquished Creatures
  An adder (D:2)
  An ooze (D:1)
  An orc (D:3)
  3 giant cockroaches (D:1)
  6 goblins
  4 hobgoblins
  A quokka (D:2)
  3 bats (D:2)
  2 giant geckos (D:2)
  3 giant newts
  3 kobolds (D:1)
  7 rats
35 creatures vanquished.

Notes
Turn   | Place    | Note
--------------------------------------------------------------
     0 | D:1      | dohliylev the Vampire Assassin began the quest for the Orb.
     0 | D:1      | Reached XP level 1. HP: 16/16 MP: 1/1
    15 | D:1      | Reached skill level 6 in Stealth
    89 | D:1      | Reached XP level 2. HP: 15/22 MP: 2/2
   221 | D:1      | Reached skill level 7 in Stealth
   606 | D:2      | Reached XP level 3. HP: 27/27 MP: 3/3
   893 | D:2      | Found a shimmering altar of Xom.
  1276 | D:3      | Killed from afar by an orc priest

Action                   || total
-------------------------++-------
Melee: Dagger            ||    38
 Fire: Blowgun           ||    37
 Stab: Sleeping          ||    17
